 Dungeon Crawl Stone Soup version 0.28.0 (webtiles) character file.

Game seed: 15805639587946613209

36 belegose the Magician (level 3, -2/27 HPs)
             Began as a Djinni Fire Elementalist on Feb 6, 2022.
             Slain by a worm (3 damage)
             ... on level 2 of the Dungeon on Feb 7, 2022.
             The game lasted 00:05:06 (1382 turns).

belegose the Magician (Djinni Fire Elementalist)    Turns: 1382, Time: 00:05:07

Health: -2/27      AC:  2    Str:  9    XL:     3   Next: 57%
Gold:   32         EV: 12    Int: 16    God:
                   SH:  0    Dex: 13

rFire   + + .      SeeInvis .   i - +0 short sword
rCold   x . .      Faith    .   (no shield)
rNeg    . . .      Spirit   .   a - +0 robe
rPois   ∞          Reflect  .   (no helmet)
rElec   .          Harm     .   (no cloak)
rCorr   .          Rampage  .   (no gloves)
Will    .....                   (boots unavailable)
Stlth   ++........              (no amulet)
HPRegen 0.09/turn               (no ring)
MPRegen 0.00/turn               (no ring)

@: flying
A: sickness immunity, fire resistance 2, cold vulnerability 1, float, innate
caster, HP casting, extra vitality 1
a: no special abilities


You were on level 2 of the Dungeon.
You visited 1 branch of the dungeon, and saw 2 of its levels.

You collected 62 gold pieces.
You spent 30 gold pieces at shops.

Inventory:

Hand Weapons
 h - a +0 dagger
 i - a +0 short sword (weapon)
Missiles
 k - 5 javelins
Armour
 a - a +0 robe (worn)
Scrolls
 b - a scroll of identify {unknown}
 c - a scroll of silence {unknown}
 f - 2 scrolls of teleportation {unknown}
Potions
 d - 2 potions of curing
 e - 2 potions of heal wounds {unknown}
 g - a potion of degeneration {unknown}
 j - a potion of might {unknown}


   Skills:
 * Level 1.2 Fighting
 + Level 2.4 Dodging
 + Level 1.7 Stealth
 + Level 3.0 Spellcasting


You couldn't memorise any spells.
You knew the following spells:

 Your Spells              Type           Power      Damage    Failure   Level
a - Foxfire               Conj/Fire      48%        2x1d6     5%          1
b - Scorch                Fire           24%        2d6       8%          2
c - Conjure Flame         Conj/Fire      12%        6-21      16%         3
d - Inner Flame           Hex/Fire       12%        N/A       16%         3
e - Flame Wave            Conj/Fire      12%        2d6       45%         4
f - Animate Skeleton      Necr           24%        N/A       5%          1
Your spell library was empty.

Dungeon Overview and Level Annotations

Branches:
Dungeon (2/15)

Altars:

Shops:
D:2 **


Innate Abilities, Weirdness & Mutations

You are immune to sickness and miasma.
You are immune to poison.
Your flesh is very heat resistant. (rF++)
You are vulnerable to cold. (rC-)
You float through the air rather than walking.
You learn spells naturally, not from books.
Your magical power is your life essence.
You have superior vitality. (+4 MHP)


Message History

* * * LOW HITPOINT WARNING * * *
The foxfire hits the rat.
The rat is severely wounded.
You closely miss the rat.
The rat is severely wounded.
The foxfire hits the rat.
You kill the rat!
Unknown command.
You start resting.
A worm is nearby!
Casting: Foxfire (safe; 5% risk of failure)
Confirm with . or Enter, or press ? or * to list all spells.
You miscast Foxfire.
You are very lightly contaminated with residual magic.
Nothing appears to happen.
* * * LOW HITPOINT WARNING * * *
A jackal comes into view.
The jackal barks!
A jackal comes into view.
The worm bites you.
* * * LOW HITPOINT WARNING * * *
The jackal barely misses you. The jackal closely misses you.
The jackal bites you but does no damage.
The jackal closely misses you.
Your magical contamination has completely faded away.
You see here a jackal corpse.
You barely miss the jackal.
The jackal bites you but does no damage.
The jackal barely misses you.
You barely miss the jackal. The jackal barely misses you.
The jackal completely misses you. The jackal bites you.
* * * LOW HITPOINT WARNING * * *
The jackal bites you.
* * * LOW HITPOINT WARNING * * *
You miss the jackal. The jackal bites you.
* * * LOW HITPOINT WARNING * * *
The jackal bites you but does no damage.
The worm bites you.
You die...

.### .. ### ### ..
##8###8### #######
##........# #..#
#8......... #..#
##...w.S..# #.)#
#...##8#.. #wh####
##...####.. #.@h..#
#⌠.r.⌠#....
#####.####...##....
#.#8##...##....
#g..h.r..##....
#........8#..#.
#........##....
###8###8###.... ###
### ##..# #...


You could see a worm and 2 jackals.

Vanquished Creatures
  3 endoplasms (D:1)
  3 giant cockroaches (D:1)
  4 goblins
  3 hobgoblins
  2 jackals (D:2)
  3 kobolds
  3 ball pythons (D:1)
  4 bats
  A frilled lizard (D:1)
  6 rats
32 creatures vanquished.

Vanquished Creatures (others)
  68 foxfires
  A plant (D:1)
69 creatures vanquished.

Grand Total: 101 creatures vanquished

Notes
Turn   | Place    | Note
-------+----------+-------------------------------------------
     0 | D:1      | belegose the Djinni Fire Elementalist began the quest for
                  | the Orb.
     0 | D:1      | Reached XP level 1. HP: 15/15 MP: 0/0
   106 | D:1      | Reached XP level 2. HP: 13/21 MP: 0/0
   858 | D:1      | Reached skill level 1 in Fighting
   858 | D:1      | Reached XP level 3. HP: 26/27 MP: 0/0
   858 | D:1      | Learned a level 1 spell: Animate Skeleton
   948 | D:1      | Reached skill level 3 in Spellcasting
  1241 | D:2      | Found Narom's General Store.
  1241 | D:2      | Identified the +1 scale mail "Lashrodu" {rN+ Str+2}
  1270 | D:2      | Bought a potion of curing for 30 gold pieces
  1333 | D:2      | Found Conwicair's Assorted Antiques.
  1382 | D:2      | HP: 1/27 [jackal (1)]
  1382 | D:2      | Slain by a worm

Illustrated notes

Levels and vault maps discovered:
D:1:      giann_bridges, layout_basic, serial_bayou_pond_e
D:2:      layout_rooms, serial_corexii_hall, corexii_hall_statues_s,
          corexii_hall_statues_s, chequers_hall_statues_corner_a, serial_shops,
          shop, nicolae_shop_hallway_plus, nicolae_shop_stone,
          minmay_misc_feat_five, minmay_box_of_dots

Skill      XL: |  1  2  3 |
---------------+----------+-----
Fighting       | 1 |  1.2
Spellcasting   | 3 |  3.0
Dodging        | |  2.4
Stealth        | |  1.7

Action                   || total
-------------------------++-------
Melee: Unarmed           ||     4
       Short sword       ||     7
 Cast: Foxfire           ||    40
Armor: Robe              ||    14
Dodge: Dodged            ||    36
